 Dungeon Crawl Stone Soup version 0.27-a0-1513-g2aaa0cc67b (webtiles) character file.

Game seed: 17422872721069046691

207 bilbop the Caller (level 6, -17/35 HPs)
             Began as a Kobold Summoner on July 10, 2021.
             Killed from afar by a steam dragon (22 damage)
             ... with a ball of steam
             ... on level 3 of the Dungeon.
             The game lasted 00:18:06 (3791 turns).

bilbop the Caller (Kobold Summoner)                 Turns: 3791, Time: 00:18:07

Health: -17/35     AC:  2    Str:  5    XL:     6   Next: 10%
Magic:  7/10       EV: 16    Int: 23    God:
Gold:   195        SH:  0    Dex: 17    Spells: 5/11 levels left

rFire    . . .     SeeInvis .   n - +0 dagger
rCold    . . .     Faith    .   (shield restricted)
rNeg     . . .     Spirit   .   d - +0 robe
rPois    .         Reflect  .   (no helmet)
rElec    .         Harm     .   (no cloak)
rCorr    .         Rampage  .   (no gloves)
Will     .....                  (no boots)
Stlth    ++++......             (no amulet)
HPRegen  0.11/turn              k - +6 ring of intelligence
MPRegen  0.12/turn              (no ring)

@: about to teleport
A: small, no large weapons, nightstalker 3
a: no special abilities


You were on level 3 of the Dungeon.
You visited 1 branch of the dungeon, and saw 4 of its levels.

You collected 195 gold pieces.

Inventory:

Hand Weapons
 a - a +2 antimagic dagger
 n - a +0 dagger (weapon)
Armour
 d - a +0 robe (worn)
Jewellery
 k - a +6 ring of intelligence (left hand)
Scrolls
 e - a scroll of teleportation
 f - 3 scrolls of identify
 h - 2 scrolls of enchant armour {unknown}
 l - a scroll of enchant weapon {unknown}
 o - a scroll of noise {unknown}
Potions
 b - a potion of degeneration {unknown}
 c - a potion of flight {unknown}
 g - a potion of lignification {unknown}
 i - 2 potions of brilliance {unknown}
 j - a potion of invisibility {unknown}
 m - 2 potions of haste {unknown}


   Skills:
 + Level 2.1 Fighting
 + Level 2.4 Short Blades
 + Level 3.6 Dodging
 + Level 4.2 Stealth
 + Level 3.1 Spellcasting
 + Level 4.5 Summonings


You had 5 spell levels left.
You knew the following spells:

 Your Spells              Type           Power      Damage    Failure   Level
a - Summon Small Mammal   Summ           96%        N/A       1%          1
b - Call Imp              Summ           24%        N/A       2%          2
c - Call Canine Familiar  Summ           24%        N/A       5%          3

Your spell library contained the following spells:

 Spells                   Type           Power      Damage    Failure   Level
 Summon Guardian Golem    Hex/Summ       14%        N/A       13%         3
 Summon Lightning Spire   Summ/Air       14%        N/A       41%         4


Dungeon Overview and Level Annotations

Branches:
Dungeon (4/15)
 Temple: D:4-7

Altars:
Dithmenos


Innate Abilities, Weirdness & Mutations

You are small and have problems with some larger weapons.
You are completely attuned to the shadows.


Message History

The slug dart hits you.
You hit the dart slug but do no damage.
The dart slug is almost dead.
You hit the dart slug.
You kill the dart slug!
m - 2 golden potions (gained 1);
o - a scroll labelled TIRPHA JOASISM
Things that are here:
a +0 hand axe; an orc corpse
Things that are here:
a +0 hand axe; a +0 leather armour; an orc corpse You now have 195 gold pieces (gained 10).
A steam dragon is nearby!
The steam dragon hisses angrily.
The steam dragon breathes steam at you. The ball of steam hits you!
You are engulfed in a cloud of scalding steam.
A steam dragon is nearby!
Casting: Call Imp (safe; 2% risk of failure)
Confirm with . or Enter, or press ? or * to list all spells.
The steam dragon breathes steam at you. The ball of steam hits you!!
Ouch! That really hurt!
* * * LOW HITPOINT WARNING * * *
Your hound barely misses the steam dragon.
Something misses your hound. Something barely misses your hound.
Your hound closely misses the steam dragon.
As you read the scroll labelled AHELIJ TILI, it crumbles to dust.
It is a scroll of identify.
e - 2 scrolls of teleportation Your hound bites the steam dragon but does no damage.
The steam dragon closely misses your hound. x2
As you read the scroll of teleportation, it crumbles to dust.
You feel strangely unstable.
Your hound bites the steam dragon.
The steam dragon breathes steam at you. The ball of steam hits your hound!!
Your hound dies!
Your hound's corpse disappears in a puff of smoke!
The ball of steam hits you!!
Ouch! That really hurt!
You die...

.#..........#####.#..####.)##..##
.#..........##....##..........#..
.#.............#### #####.##.....
.#............###### ###....###.
.######.####.......####......##..
.# #......#####.##...#.##....# .#
####..##### ###.##.....####..#
.###.....# ####.....§...........
............#...@§§.........)...#
.#######.##.#######D.......)###..
.# .# ..#####.§........# ### .#
.. #...§##§.........# # .#
#...... #.§............# .#
#......§D§###..........## .#
#......§## ##..........####
######....... #.............#
............. #.........###..


There were no monsters in sight!

Vanquished Creatures
  An orc priest (D:3)
  An iguana (D:4)
  An adder (D:2)
  A worm (D:2)
  A dart slug (D:3)
  4 orcs
  3 endoplasms
  3 giant cockroaches (D:2)
  A goblin (D:2)
  4 hobgoblins
  4 jackals
  A kobold (D:4)
  2 quokkas (D:1)
  4 ball pythons
  A bat (D:2)
  2 rats (D:2)
34 creatures vanquished.

Vanquished Creatures (collateral kills)
  A black bear (D:4)
  Jessica (D:3)
  2 adders (D:2)
  An adder skeleton (D:4)
  A worm (D:2)
  9 orcs (D:3)
  3 ball pythons
  3 endoplasms
  A giant cockroach (D:2)
  3 hobgoblins
  A jackal (D:2)
  A bat (D:2)
  2 frilled lizards
  2 kobolds
  A rat (D:2)
32 creatures vanquished.

Grand Total: 66 creatures vanquished

Notes
Turn   | Place    | Note
-------+----------+-------------------------------------------
     0 | D:1      | bilbop the Kobold Summoner began the quest for the Orb.
     0 | D:1      | Reached XP level 1. HP: 10/10 MP: 3/3
   813 | D:1      | Reached XP level 2. HP: 16/16 MP: 5/5
   832 | D:1      | Found a faded altar of an unknown god.
  1283 | D:2      | Reached XP level 3. HP: 20/20 MP: 1/6
  1286 | D:2      | Learned a level 2 spell: Call Imp
  1346 | D:2      | Reached skill level 1 in Short Blades
  1372 | D:2      | Reached skill level 1 in Fighting
  2213 | D:2      | Reached XP level 4. HP: 25/25 MP: 7/7
  2752 | D:3      | Learned a level 3 spell: Call Canine Familiar
  2778 | D:3      | Found a shadowy altar of Dithmenos.
  2808 | D:3      | Noticed a steam dragon
  3164 | D:4      | Noticed a black bear
  3177 | D:4      | Killed a black bear
  3178 | D:4      | Reached XP level 5. HP: 30/30 MP: 2/9
  3381 | D:3      | Noticed Jessica
  3387 | D:3      | Killed Jessica
  3437 | D:3      | Reached XP level 6. HP: 23/35 MP: 7/10
  3791 | D:3      | Killed from afar by a steam dragon

Illustrated notes

Levels and vault maps discovered:
D:1:      nzn_arrival_settlement, layout_basic,
          ebering_ecumenical_altar_petrified
D:2:      minmay_chambers_of_twos, layout_basic
D:3:      layout_rooms, mainiacjoe_overflow_boulevard, uniq_jessica
D:4:      minmay_evil_eye, layout_loops_ring,
          minmay_temple_entry_enclosed_plants, serial_shops, shop,
          gammafunk_ghost_stat_death, uniq_edmund

Skill      XL: |  1  2  3  4  5 |
---------------+----------------+-----
Stealth        | 3 4 |  4.2
Short Blades   | 1 2 |  2.4
Fighting       | 1 2 |  2.1
Dodging        | 3 |  3.6
Spellcasting   | 3 |  3.1
Summonings     | |  4.5

Action                   |  1- 3 |  4- 6 || total
-------------------------+-------+-------++-------
Melee: Dagger            |    71 |    42 ||   113
 Cast: Summon Small Mamm |    22 |       ||    22
       Call Imp          |     6 |    14 ||    20
       Call Canine Famil |       |     8 ||     8
  Use: Scroll            |       |     2 ||     2
 Stab: Sleeping          |    21 |     7 ||    28
       Distracted        |       |     1 ||     1
Armor: Robe              |     7 |     3 ||    10
Dodge: Dodged            |    51 |    31 ||    82

Table legend: (Time is in decaauts)
 A = Elapsed time spent in this place.
 B = Non-inter-level travel time spent in this place.
 C = Inter-level travel time spent in this place.
 D = Time resting spent in this place.
 E = Time spent auto-exploring this place.
 F = Levels seen in this place.
 G = Mean time per level.
                   A        B        C        D        E       F      G
               +--------+--------+--------+--------+--------+-----+--------+
         Total |   3783 |   3596 |    187 |    372 |   2679 |   4 |  945.8 |
       Dungeon |   3783 |   3596 |    187 |    372 |   2679 |   4 |  945.8 |
               +--------+--------+--------+--------+--------+-----+--------+

Top non-repeatable levels by time:
     D:2: 1625 daAuts
     D:1: 1059 daAuts
     D:3: 644 daAuts
     D:4: 453 daAuts
